Map: Orbital Shipyard

Players

Bop - Winner!

  • Race: Protoss Protoss

Graphix

  • Race: Zerg Zerg

VOD

Have the link to the VOD?

Description

Time

  • Played on: May 6, 2015, 11:54 p.m.
  • Length: 5:17
Show
View Real Time Build Order
Export as new Build Order

Bop Protoss - Winner!

Build Orders: Nexus First, Mass Adepts 

Get SALT Encoding   

  12  0:00  Probe  
  13  0:13  Probe  
  14  0:40  Nexus  
  14  0:51  Pylon  
  14  1:09  Probe (Chrono Boost)  
  14  1:10  Gateway  
  15  1:21  Probe (Chrono Boost)  
  15  1:22  Assimilator  
  16  1:29  Probe (Chrono Boost)  
  17  1:38  Probe (Chrono Boost)  
  18  1:46  Probe (Chrono Boost)  
  19  1:53  Probe  
  20  1:55  Probe  
  20  1:58  Cybernetics Core  
  21  2:02  Gateway  
  21  2:06  Probe (Chrono Boost)  
  21  2:07  Probe (Chrono Boost)  
  23  2:11  Zealot (Chrono Boost)  
  27  2:16  Probe (Chrono Boost)  
  27  2:17  Probe (Chrono Boost)  
  27  2:22  Probe  
  28  2:26  Probe  
  29  2:34  Probe, Warp Gate (Chrono Boost)  
  30  2:38  Probe, Adept (Chrono Boost)  
  33  2:47  Probe  
  36  2:54  Pylon  
  36  2:57  Adept (Chrono Boost)  
  36  3:11  Pylon  
  38  3:12  Adept  
  38  3:13  Probe x2  
  38  3:17  Pylon  
  40  3:24  Gateway  
  40  3:27  Gateway  
  40  3:31  Pylon  
  40  3:36  Gateway  
  38  3:51  Probe x2  
  38  3:54  Pylon  
  40  3:58  Gateway  
  40  3:59  Gateway  
  40  4:02  Gateway  
  40  4:03  Probe x2  
  42  4:15  Probe x2  
  44  4:22  Adept x2  
  44  4:23  Adept x2  
  52  4:43  Adept  
  52  4:44  Adept x4  
  58  5:02  Adept  
  58  5:03  Adept x3, Zealot  
Show
View Real Time Build Order
Export as new Build Order

Graphix Zerg 

Build Orders: Hatch First 

Get SALT Encoding   

  12  0:01  Drone  
  13  0:09  Drone  
  14  0:16  Overlord  
  14  0:25  Drone, Extractor  
  15  0:35  Drone x2  
  17  0:43  Drone  
  18  0:55  Hatchery  
  17  0:58  Drone  
  18  1:06  Drone  
  18  1:08  Extractor  
  18  1:15  Spawning Pool  
  17  1:25  Drone  
  17  1:27  Drone  
  19  1:38  Overlord  
  19  1:48  Drone  
  20  1:59  Drone  
  21  2:02  Queen  
  21  2:06  Queen  
  21  2:08  Zergling x2  
  26  2:10  Zergling x2  
  26  2:14  Metabolic Boost  
  27  2:19  Drone  
  27  2:22  Drone  
  29  2:30  Drone  
  29  2:31  Drone  
  31  2:37  Queen  
  31  2:40  Overlord  
  31  2:43  Drone  
  34  2:55  Hatchery  
  33  2:59  Drone  
  33  3:04  Overlord, Drone  
  33  3:05  Drone  
  36  3:11  Zergling x6  
  39  3:13  Drone  
  39  3:14  Overlord  
  39  3:19  Drone x2  
  42  3:22  Drone x2  
  42  3:26  Drone  
  45  3:28  Drone  
  45  3:31  Drone  
  47  3:40  Drone x2  
  48  3:44  Extractor  
  48  3:45  Lair  
  49  3:48  Drone x4  
  49  3:50  Drone  
  49  3:52  Drone  
  53  3:57  Drone x2  
  53  3:58  Drone x2  
  53  4:01  Roach Warren  
  56  4:18  Extractor  
  56  4:19  Zergling x2  
  56  4:20  Zergling x6  
  56  4:24  Drone x6  
  63  4:32  Spore Crawler  
  63  4:33  Drone x3  
  63  4:34  Zergling x2, Extractor  
  65  4:39  Zergling x2  
  64  4:52  Zergling x8  
  62  4:53  Drone  
  62  4:54  Drone x2  
  60  5:00  Zergling x2  
Tags
 
Add a new tag
Caveats
  • Supply blocks, unpowered buildings, or Contaminate may cause inaccurate times.
  • Supply counts are checked every 10 seconds.